 Dungeon Crawl Stone Soup version 0.30.1-3-gfc49f6343a (webtiles) character file.

Game seed: 18242708458839887491

12607 Wiggles the Severer (level 11, 0/99 HPs)
             Began as a Minotaur Berserker on Aug 9, 2023.
             Was a High Priest of Trog.
             Slain by a freezing wraith (7 damage)
             ... on level 11 of the Dungeon.
             The game lasted 00:14:57 (9694 turns).

Wiggles the Severer (Minotaur Berserker)            Turns: 9694, Time: 00:14:57

Health: 0/99       AC: 17    Str: 27    XL:     11   Next: 64%
Magic:  10/10      EV: 15    Int:  4    God:    Trog [*****.]
Gold:   454        SH:  5    Dex:  9    Spells: 10/10 levels left

rFire   . . .        A - +0 war axe (spect)
rCold   . . .        (no shield)
rNeg    . . .        r - +0 chain mail
rPois   +            u - +1 hat {Will+}
rElec   .            C - +0 cloak {rPois}
rCorr   .            (no gloves)
SInv    +            f - +1 pair of boots {rampage}
Will    +....        l - amulet of reflection Stlth
                     i - +5 ring of evasion
HPRegen 0.36/turn    d - ring of see invisible
MPRegen 0.12/turn

%: reflection, rampage
@: slowed, very slow
A: horns 2, retaliatory headbutt
a: Renounce Religion, Berserk, Trog's Hand, Brothers in Arms


You were on level 11 of the Dungeon.
You worshipped Trog.
Trog was extremely pleased with you.
You visited 1 branch of the dungeon, and saw 11 of its levels.
You also visited: Bailey.

You collected 454 gold pieces.

Inventory:

Hand Weapons
 e - the +4 battleaxe "Noeckuar" {freeze, rC- Str+3 Dex+6 Stlth+}
   (You acquired it on level 6 of the Dungeon)

   Str:       It affects your strength (+3).
   Dex:       It affects your dexterity (+6).
   rC:        It makes you vulnerable to cold.
   Stlth:     It makes you more stealthy.
 A - a +0 spectral war axe (weapon)
 L - a +4 antimagic battleaxe
Armour
 f - a +1 pair of boots of rampaging (worn)
 r - a +0 chain mail (worn)
 u - a +1 hat of willpower (worn)
 C - a +0 cloak of poison resistance (worn)
Jewellery
 d - a ring of see invisible (right hand)
 i - a +5 ring of evasion (left hand)
 l - an amulet of reflection (around neck)
 J - a ring of protection from fire
Wands
 h - a wand of paralysis (5)
 k - a wand of mindburst (15)
 o - a wand of flame (18)
 v - a wand of iceblast (10)
Scrolls
 b - 3 scrolls of poison
 c - 6 scrolls of teleportation
 n - 2 scrolls of magic mapping
 q - a scroll of summoning
 y - 3 scrolls of amnesia
 D - a scroll of blinking {unknown}
 G - 2 scrolls of fog
 I - 2 scrolls of identify
 K - a scroll of fear
Potions
 a - 4 potions of mutation
 g - 3 potions of invisibility
 j - 4 potions of degeneration
 m - 3 potions of lignification
 p - 6 potions of attraction
 s - 2 potions of magic
 t - 3 potions of cancellation
 w - a potion of heal wounds
 x - 2 potions of berserk rage
 z - 4 potions of brilliance
 B - 4 potions of curing
 E - a potion of resistance
 F - a potion of ambrosia
 H - a potion of flight
 M - a potion of haste {unknown}


   Skills:
 + Level 9.9 Fighting
 + Level 15.2 Axes
 + Level 11.1 Armour
 + Level 5.3 Dodging
 + Level 3.1 Stealth
 + Level 5.4 Shields


You had 10 spell levels left.
You didn't know any spells.
Your spell library was empty.

Dungeon Overview and Level Annotations

Branches:
Dungeon (11/15)            Temple (0/1) D:7            Lair (0/5) D:11
 Bailey (visited)
    Orc: D:9-12

Altars:
Cheibriados
Sif Muna


Innate Abilities, Weirdness & Mutations

You have a pair of horns on your head.
You reflexively headbutt those who attack you in melee.


Message History

Your +0 spectral war axe hits the freezing wraith but does no damage.
The centaur warrior simulacrum hits you but does no damage.
The centaur warrior simulacrum closely misses you.
The freezing wraith closely misses you.
The freezing wraith completely misses you.
The centaur warrior simulacrum completely misses you.
You furiously retaliate!
You headbutt the centaur warrior simulacrum.
You block the centaur warrior simulacrum's attack.
You slash the centaur warrior simulacrum!
The centaur warrior simulacrum is heavily damaged.
You barely miss the freezing wraith.
Your +0 spectral war axe hits the centaur warrior simulacrum!
Your +0 spectral war axe hits the freezing wraith but does no damage.
The centaur warrior simulacrum misses you.
The centaur warrior simulacrum kicks you but does no damage.
The freezing wraith barely misses you. The freezing wraith misses you.
You slash the centaur warrior simulacrum!
The centaur warrior simulacrum vaporises!
Trog accepts your kill.
You closely miss the freezing wraith.
Your +0 spectral war axe hits the freezing wraith!
The freezing wraith hits you. The freezing wraith freezes you!!
* * * LOW HITPOINT WARNING * * *
The freezing wraith hits you.
* * * LOW HITPOINT WARNING * * *
The freezing wraith drains your vigour!
You feel as though you will be slow longer.
The centaur warrior simulacrum closely misses you.
You block the centaur warrior simulacrum's attack.
You slice the centaur warrior simulacrum!!
You headbutt the centaur warrior simulacrum.
The centaur warrior simulacrum is severely damaged.
You barely miss the freezing wraith.
Your +0 spectral war axe hits the centaur warrior simulacrum!
The centaur warrior simulacrum vaporises!
Trog accepts your kill.
Your +0 spectral war axe hits the freezing wraith!
You block the freezing wraith's attack. The freezing wraith hits you!
You die...

.........## .#
...#.....# ##..#
.........######...#
.................#
...........#..####
........#####.##
........# ##...##
.~...#..###..#.(##
....#.# #.....W@#
... ## #..##.##○.#
.. #..#... .#..#
#...#..:.. ...#
..#...)#|. .#...
#...#..:.. ...###
#..#..... .. # ##
.##.## .##


You could see a freezing wraith and a friendly +0 spectral war axe.

Vanquished Creatures
  Gastronok (D:8)
  A boulder beetle (D:11)
  A two-headed ogre (D:8)
  A gargoyle (Bailey)
  Maggie (D:8)
  A rime drake (D:11)
  A polar bear (D:11)
  2 trolls
  A hornet (D:8)
  Sigmund (D:2)
  3 centaur simulacra (D:11)
  3 shadows (D:10)
  A wyvern (D:10)
  10 yaks
  A vampire (Bailey)
  A wraith (D:10)
  3 steam dragons
  Menkaure (D:5)
  A water moccasin (D:8)
  A sky beast (D:7)
  4 orc warriors
  4 ice beasts
  2 black bears
  An ogre (D:5)
  4 wolves (D:11)
  4 centaurs
  4 kobold brigands
  2 bullfrogs (D:7)
  2 gnoll sergeants (D:8)
  3 scorpions (D:5)
  9 wights
  10 killer bees
  7 vampire bats (Bailey)
  4 wolf zombies (Bailey)
  4 hounds
  2 jellies
  7 orc priests
  Jessica (D:2)
  5 orc wizards
  2 sleepcaps
  3 iguanas
  18 gnolls
  4 adders
  A shadow imp (D:6)
  3 white imps
  2 ufetubi (D:6)
  2 worms
  2 dart slugs
  28 orcs
  9 endoplasms
  2 giant cockroaches
  6 hobgoblins
  11 jackals
  22 kobolds
  5 quokkas
  8 ball pythons
  3 bats
  2 frilled lizards (D:1)
  7 goblins
  19 orc zombies (Bailey)
  7 rats
281 creatures vanquished.

Vanquished Creatures (others)
  A wizard (D:8)
  A spectral weapon (D:8)
2 creatures vanquished.

Grand Total: 283 creatures vanquished

Notes
Turn   | Place    | Note
-------+----------+-------------------------------------------
     0 | D:1      | Wiggles the Minotaur Berserker began the quest for the Orb.
     0 | D:1      | Reached XP level 1. HP: 19/19 MP: 0/0
    99 | D:1      | Reached skill level 4 in Axes
    99 | D:1      | Reached XP level 2. HP: 13/27 MP: 1/1
   549 | D:1      | Reached XP level 3. HP: 33/33 MP: 2/2
  1133 | D:2      | You fall into a shaft and drop 1 floor!
  1220 | D:2      | Noticed Jessica
  1223 | D:2      | Reached ** piety under Trog
  1233 | D:2      | Killed Jessica
  1234 | D:2      | Reached XP level 4. HP: 41/41 MP: 3/3
  1300 | D:2      | Noticed Sigmund
  1315 | D:2      | Killed Sigmund
  1316 | D:2      | Reached skill level 5 in Axes
  1316 | D:2      | Reached XP level 5. HP: 47/47 MP: 4/4
  1573 | D:2      | Found a shimmering blue altar of Sif Muna.
  1852 | D:3      | Reached skill level 5 in Fighting
  2199 | D:4      | Reached XP level 6. HP: 56/56 MP: 5/5
  2206 | D:4      | Reached skill level 6 in Axes
  2392 | D:4      | Reached *** piety under Trog
  2864 | D:4      | Reached XP level 7. HP: 61/61 MP: 6/6
  2870 | D:4      | Reached skill level 1 in Shields
  3156 | D:5      | Entered Level 5 of the Dungeon
  3165 | D:5      | Reached skill level 5 in Armour
  3326 | D:5      | Reached skill level 7 in Axes
  3465 | D:5      | Noticed Menkaure
  3472 | D:5      | Killed Menkaure
  3775 | D:5      | Reached skill level 8 in Axes
  3775 | D:5      | Reached XP level 8. HP: 45/70 MP: 7/7
  4624 | D:6      | Reached skill level 9 in Axes
  4804 | D:6      | Reached **** piety under Trog
  5740 | D:6      | Identified 2 scrolls of acquirement
  5740 | D:6      | Acquired the +4 battleaxe "Noeckuar" {freeze, rC- Str+3
                  | Dex+6 Stlth+}
  5742 | D:6      | Acquired a +1 pair of boots of rampaging
  5830 | D:7      | Reached XP level 9. HP: 78/78 MP: 8/8
  5833 | D:7      | Reached skill level 10 in Axes
  6024 | D:7      | Found a staircase to the Ecumenical Temple.
  6262 | D:8      | Reached skill level 11 in Axes
  6641 | D:8      | Noticed Gastronok
  6649 | D:8      | Reached skill level 1 in Stealth
  6655 | D:8      | Killed Gastronok
  6656 | D:8      | Reached skill level 12 in Axes
  6656 | D:8      | Reached XP level 10. HP: 78/86 MP: 9/9
  6717 | D:8      | Found a snail-covered altar of Cheibriados.
  6760 | D:8      | Noticed a wizard
  6775 | D:8      | Killed a wizard
  6782 | D:8      | Noticed a two-headed ogre
  6788 | D:8      | Noticed Maggie
  6797 | D:8      | Killed Maggie
  6802 | D:8      | Killed a two-headed ogre
  6803 | D:8      | Reached skill level 13 in Axes
  6949 | D:8      | Reached ***** piety under Trog
  6950 | D:8      | Reached skill level 10 in Armour
  7486 | D:9      | Found a flagged portal.
  7508 | Bailey   | Entered a bailey
  7606 | Bailey   | Found the +3 warlock's mirror {omnireflect}
  7635 | Bailey   | Identified the +4 sling of the Mushroom {speed, rElec rF+}
  7708 | Bailey   | Identified the +3 leather armour of Sunlight {Str-2 Int+5}
  7754 | Bailey   | Reached skill level 5 in Dodging
  7775 | Bailey   | Reached XP level 11. HP: 90/95 MP: 10/10
  7982 | D:9      | Reached skill level 14 in Axes
  8004 | D:9      | Reached skill level 5 in Shields
  8638 | D:10     | Entered Level 10 of the Dungeon
  9328 | D:10     | Received a gift from Trog
  9336 | D:11     | Noticed a boulder beetle
  9364 | D:11     | Killed a boulder beetle
  9575 | D:11     | Reached skill level 15 in Axes
  9575 | D:11     | Found a staircase to the Lair.
  9683 | D:11     | Found the +8 frozen axe "Frostbite" {freeze, freezing
                  | cloud, *Noise Fly rC+}
  9694 | D:11     | Slain by a freezing wraith

Illustrated notes

Levels and vault maps discovered:
D:1:      dpeg_arrival_round_a, layout_basic
D:2:      layout_rooms, basic_altar, reono_crystal_passage,
          grunt_decor_junction, uniq_sigmund, uniq_jessica
D:3:      layout_basic, kennysheep_nub
D:4:      layout_rooms
D:5:      cheibrodos_thug_alley, layout_loops_ring, serial_bayou_lagoon_b,
          uniq_menkaure
D:6:      layout_layer_cave
D:7:      layout_gridville, minmay_temple_entry_offerings
D:8:      cheibrodos_wizards_tower, layout_gridville,
          mainiacjoe_overflow_concentric_impassable, uniq_gastronok, uniq_maggie
D:9:      layout_stronghold, enter_bailey_6
D:10:     layout_basic
D:11:     minmay_coctagon, layout_layer_cave, hellmonk_lair_entry_icy,
          serial_shops, shop, minivault_12

Skill      XL: |  1  2  3  4  5  6  7  8  9 10 11 |
---------------+----------------------------------+-----
Fighting       | 4 5 6 7 8 9 |  9.9
Axes           | 4 5 6 8 9 12 13 15 | 15.2
Armour         | 3 4 6 7 9 10 11 | 11.1
Dodging        | 3 4 5 |  5.3
Shields        | 2 3 4 5 |  5.4
Stealth        | 1 2 3 |  3.1

Action                     |  1- 3 |  4- 6 |  7- 9 | 10-12 || total
---------------------------+-------+-------+-------+-------++-------
  Melee: Hand axe          |    70 |   127 |   137 |       ||   334
         Headbutt          |    14 |    15 |    56 |    53 ||   138
         Punch             |     1 |     1 |     3 |     4 ||     9
         War axe           |       |       |   101 |   228 ||   329
         Battleaxe         |       |       |     4 |       ||     4
 Invoke: Berserk           |     1 |     1 |     2 |     1 ||     5
    Use: Scroll            |       |       |    19 |     8 ||    27
   Stab: Distracted        |       |       |     3 |     3 ||     6
 Armour: Ring mail         |    19 |     3 |       |       ||    22
         Animal skin       |     2 |       |       |       ||     2
         Chain mail        |       |    44 |    66 |    56 ||   166
  Dodge: Dodged            |    43 |    92 |   160 |   110 ||   405
  Block: Other             |       |    22 |    48 |    44 ||   114
         Reflection        |       |     1 |     2 |     4 ||     7
